 Dungeon Sprint DCSS version 0.30-a0-737-gf23d94013f (webtiles) character file.

Game seed: 16897391374592678314

2150 sircluck the Blocker (level 9, -1/100 HPs)
             Began as a Troll Fighter on Feb 2, 2023.
             Succumbed to Sonja's poison
             ... in the Dungeon (Sprint I: "Red Sonja").
             The game lasted 00:02:48 (299 turns).

sircluck the Blocker (Troll Fighter)                 Turns: 299, Time: 00:02:49

Health: -1/100     AC:  5    Str: 30    XL:     9   Next: 10%
Magic:  8/8        EV: 11    Int:  4    God:
Gold:   309        SH: 10    Dex:  9    Spells: 8/8 levels left

rFire   . . .      SeeInvis .      - Unarmed
rCold   . . .      Faith    .    b - +0 kite shield
rNeg    . . .      Spirit   .    a - +0 robe
rPois   .          Reflect  .    (helmet restricted)
rElec   .          Harm     .    m - +0 cloak
rCorr   .          Rampage  .    (gloves unavailable)
Will    .....      NoTele   +    (boots unavailable)
Stlth   +                        (no amulet)
HPRegen 1.16/turn                (no ring)
MPRegen 0.11/turn                (no ring)

@: lethally poisoned (-1 -> -5), on berserk cooldown
A: large, unfitting armour, claws 3, regeneration 1, shaggy fur 1, tough skin 1
a: no special abilities


You were in the Dungeon.
You visited 1 branch You collected 309 gold pieces.

Inventory:

Hand Weapons
 l - a +0 arbalest
Missiles
 d - 5 curare-tipped darts
Armour
 a - a +0 robe (worn)
 b - a +0 kite shield (worn)
 m - a +0 cloak (worn)
Scrolls
 i - a scroll of blinking
 n - a scroll of identify {unknown}
Potions
 c - a potion of might
 f - a potion of haste
 g - 2 potions of magic
 k - a potion of lignification (quivered) {unknown}


   Skills:
 + Level 9.6 Fighting
 + Level 9.4 Dodging
 + Level 9.9 Shields
 + Level 9.7 Unarmed Combat
 + Level 0.7 Evocations


You had 8 spell levels left.
You didn't know any spells.
Your spell library was empty.

Dungeon Overview and Level Annotations

Branches:
Dungeon (1/1)

Altars:
Cheibriados
Dithmenos
Elyvilon
Fedhas
Gozag
Hepliaklqana
Kikubaaqudgha
Nemelex Xobeh
Okawaru
Qazlal
Ru
Sif Muna
Trog
Uskayaw
Vehumet
Wu Jian
Yredelemnul
Zin
The Shining One

Shops:
D (


Innate Abilities, Weirdness & Mutations

You are too large for most types of armour.
You have claws for hands.
Your natural rate of healing is unusually fast.
You are covered in fur. (AC +1)
You have tough skin. (AC +1)


Message History

You are lethally poisoned!
A red film seems to cover your vision as you go berserk!
You feel yourself moving faster!
You feel mighty!
You feel very sick. You block Sonja's attack.
Sonja hits you with a +0 dagger of venom.
* * * LOW HITPOINT WARNING * * *
You are lethally poisoned!
Sonja hits you but does no damage.
You mangle Sonja!!
You kill Sonja!
* * * LOW HITPOINT WARNING * * *
You feel very sick.
Your Dodging skill increases to level 9!
You have reached level 9!
Your experience leads to an increase in your attributes!
Increase (S)trength, (I)ntelligence, or (D)exterity?
You feel stronger. x3
* * * LOW HITPOINT WARNING * * *
You feel very sick.
Items here: ! ( ) †.
d - 5 curare-tipped darts;
e - a black potion You feel a strong urge to attack something.
* * * LOW HITPOINT WARNING * * *
You feel very sick.
There is a lethal amount of poison in your body!
* * * LOW HITPOINT WARNING * * *
You feel sick.
You see here a +0 shortbow.
You enter the shallow water.
You feel your anger nearly subside.
You are no longer berserk.
You are exhausted.
You feel yourself slow down.
* * * LOW HITPOINT WARNING * * *
You feel very sick.
It was a potion of cancellation.
Your magical effects are unravelling.
You feel magically purged.
You feel yourself speed up.
You die...

##############
.#..').#..'..#
.'..#..)..#..+
)#####'#####'# ####
.####..#...#.####§§#
.#__####..##.#§§@§§#
.#_____##'#_.'§§§§§+
⌠#_.∩...'..._#§§§§§#
##_..__##_.#'##+####
#_____###'#.#
####### #.### $.$
$.$ ##.##


There were no monsters in sight!

Vanquished Creatures
  Sonja (D)
  Sigmund (D)
  A yak (D)
  An ogre (D)
  A jelly (D)
  Ijyb (D)
6 creatures vanquished.

Vanquished Creatures (collateral kills)
  2 centaur warriors (D)
2 creatures vanquished.

Grand Total: 8 creatures vanquished

Notes
Turn   | Place    | Note
-------+----------+-------------------------------------------
     0 | D        | sircluck the Troll Fighter began the quest for the Orb.
     0 | D        | Reached XP level 1. HP: 22/22 MP: 0/0
     2 | D        | Noticed Ijyb
    33 | D        | Killed Ijyb
    34 | D        | Reached XP level 2. HP: 28/31 MP: 1/1
    44 | D        | Noticed an ogre
    49 | D        | Killed an ogre
    50 | D        | Reached skill level 5 in Shields
    50 | D        | Reached XP level 3. HP: 7/40 MP: 2/2
    50 | D        | Reached XP level 4. HP: 9/49 MP: 3/3
    99 | D        | Noticed Sigmund
   130 | D        | Killed Sigmund
   131 | D        | Reached skill level 5 in Unarmed Combat
   131 | D        | Reached XP level 5. HP: 26/59 MP: 4/4
   131 | D        | Reached XP level 6. HP: 30/67 MP: 5/5
   175 | D        | Found an ornate altar of the Wu Jian Council.
   175 | D        | Found a shimmering blue altar of Sif Muna.
   177 | D        | Found a radiant altar of Vehumet.
   200 | D        | Found Cafawazu's Antique Weapon Emporium.
   200 | D        | Found an ancient bone altar of Kikubaaqudgha.
   200 | D        | Found a hazy altar of Hepliaklqana.
   200 | D        | Found a stormy altar of Qazlal.
   200 | D        | Found a hide-covered altar of Uskayaw.
   200 | D        | Found a blossoming altar of Fedhas.
   200 | D        | Found a bloodstained altar of Trog.
   200 | D        | Found an iron altar of Okawaru.
   200 | D        | Found a basalt altar of Yredelemnul.
   200 | D        | Found a glowing golden altar of the Shining One.
   200 | D        | Found a snail-covered altar of Cheibriados.
   200 | D        | Found a sacrificial altar of Ru.
   200 | D        | Found a glowing silver altar of Zin.
   200 | D        | Found a shadowy altar of Dithmenos.
   200 | D        | Found a white marble altar of Elyvilon.
   200 | D        | Noticed a yak
   211 | D        | Killed a yak
   212 | D        | Found an opulent altar of Gozag.
   213 | D        | Found a sparkling altar of Nemelex Xobeh.
   252 | D        | Noticed Sonja
   259 | D        | Noticed a centaur warrior
   259 | D        | Noticed a centaur warrior
   274 | D        | Killed a centaur warrior
   275 | D        | Reached XP level 7. HP: 52/81 MP: 6/6
   275 | D        | Reached XP level 8. HP: 57/89 MP: 7/7
   277 | D        | Killed a centaur warrior
   294 | D        | Killed Sonja
   295 | D        | Reached XP level 9. HP: 12/100 MP: 8/8
   296 | D        | HP: 6/150 [poisoned by Sonja]
   298 | D        | HP: 1/100 [poisoned by Sonja]
   299 | D        | Succumbed to Sonja's poison

Illustrated notes

Levels and vault maps discovered:
D:        dungeon_sprint_1 [red_sonja_temple_1, red_sonja_temple_small_1]

Skill      XL: |  1  2  3  4  5  6  7  8 |
---------------+-------------------------+-----
Fighting       | 3 4 6 8 9 |  9.6
Dodging        | 3 4 6 8 9 |  9.4
Shields        | 3 5 6 8 9 |  9.9
Unarmed Combat | 3 5 7 9 |  9.7
Evocations     | |  0.7

Action                     |  1- 3 |  4- 6 |  7- 9 || total
---------------------------+-------+-------+-------++-------
  Melee: Unarmed           |    17 |    34 |     9 ||    60
  Evoke: Wand              |       |     2 |       ||     2
    Use: Potion            |       |     1 |     3 ||     4
 Armour: Robe              |     5 |    17 |     5 ||    27
  Dodge: Dodged            |     5 |    11 |    10 ||    26
  Block: Kite shield       |     2 |    12 |     9 ||    23

Table legend: (Time is in decaauts)
 A = Elapsed time spent in this place.
 B = Non-inter-level travel time spent in this place.
 C = Inter-level travel time spent in this place.
 D = Time resting spent in this place.
 E = Time spent auto-exploring this place.
 F = Levels seen in this place.
 G = Mean time per level.
                   A        B        C        D        E       F      G
               +--------+--------+--------+--------+--------+-----+--------+
         Total |    300 |    300 |      0 |     69 |      0 |   1 |  300.0 |
       Dungeon |    300 |    300 |      0 |     69 |      0 |   1 |  300.0 |
               +--------+--------+--------+--------+--------+-----+--------+

Top non-repeatable levels by time:
       D: 300 daAuts
